 Dungeon Crawl Stone Soup version 0.30.0-11-gf55b779eaf (webtiles) character file.

Game seed: 12432527108189029449

12327 JanusIIV the Spear-Bearer (level 11, -1/53 (60) HPs)
             Began as a Merfolk Warper on May 16, 2023.
             Was a High Priest of Cheibriados.
             Slain by a large abomination (7 damage)
             ... on level 2 of the Abyss.
             The game lasted 00:28:50 (9551 turns).

JanusIIV the Spear-Bearer (Merfolk Warper)          Turns: 9551, Time: 00:28:51

HP:   -1/53 (60)    AC: 23    Str: 29    XL:     11   Next: 91%
MP:   13/14         EV: 19    Int: 26    God:    Cheibriados [*****.]
Gold: 642           SH:  0    Dex: 21    Spells: 3/14 levels left

rFire   . . .        x - +0 trident
rCold   . . .        (no shield)
rNeg    . . .        B - +7 chain mail "Morausen" {rCorr Str+2}
rPois   .            b - +0 helmet
rElec   .            J - +1 cloak {Stlth+}
rCorr   +            A - +1 pair of gloves
SInv    .            t - +0 pair of boots
Will    .....        o - amulet of the acrobat Stlth
                     m - +4 ring of slaying
HPRegen 0.28/turn    n - +5 ring of evasion
MPRegen 0.14/turn

%: acrobat
@: about to teleport, heavily drained, unable to drink, very slow
A: (nimble swimmer 2), mertail, [clumsy 2], [frail 3], ([teleportitis 2]),
[inability to drink after injury 2]
a: Renounce Religion, Bend Time, Temporal Distortion, Slouch, Step From Time


You were on level 2 of the Abyss.
You worshipped Cheibriados.
Cheibriados was extremely pleased with you.
You visited 2 branches of the dungeon, and saw 11 of its levels.
You visited the Abyss 1 time.

You collected 642 gold pieces.

Inventory:

Hand Weapons
 x - a +0 trident (weapon)
Missiles
 d - 7 boomerangs of dispersal (quivered)
 f - 24 poisoned darts
 y - 2 boomerangs
Armour
 b - a +0 helmet (worn)
 t - a +0 pair of boots (worn)
 A - a +1 pair of gloves (worn)
 B - the +7 chain mail "Morausen" (worn) {rCorr Str+2}
   (You found it on level 6 of the Dungeon)

   Str:       It affects your strength (+2).
   rCorr:     It protects you from acid and corrosion.
 G - a +0 kite shield
 J - a +1 cloak of stealth (worn)
Jewellery
 a - a ring of protection from fire
 m - a +4 ring of slaying (left hand)
 n - a +5 ring of evasion (right hand)
 o - an amulet of the acrobat (around neck)
 C - a ring of protection from cold
 E - a ring of resist corrosion
 Q - a +6 ring of intelligence
Scrolls
 c - 2 scrolls of blinking
 e - a scroll of magic mapping {unknown}
 h - a scroll of summoning {unknown}
 i - 3 scrolls of teleportation
 k - 2 scrolls of immolation {unknown}
 v - a scroll of fear
 z - 4 scrolls of amnesia {unknown}
 K - a scroll of vulnerability {unknown}
 L - a scroll of torment {unknown}
 M - a scroll of poison {unknown}
 N - a scroll of identify
Potions
 g - 2 potions of heal wounds
 j - 2 potions of brilliance
 l - 2 potions of attraction
 q - 4 potions of curing
 r - 2 potions of might
 s - a potion of resistance
 w - a potion of invisibility
 D - a potion of cancellation {unknown}
 F - a potion of experience {unknown}
 H - 2 potions of mutation {unknown}
 O - a potion of degeneration {unknown}
 P - a potion of haste {unknown}


   Skills:
 - Level 8.0 Fighting
 - Level 14.0 Polearms
 - Level 1.0 Throwing
 - Level 4.0 Armour
 - Level 8.0 Dodging
 - Level 4.0 Shields
 - Level 2.0 Spellcasting
 + Level 9.3 Translocations


You had 3 spell levels left.
You knew the following spells:

 Your Spells              Type           Power      Damage    Failure   Level
a - Blink                 Tloc           100%       N/A       1%          2
b - Lesser Beckoning      Tloc           100%       N/A       1%          2
c - Vhi's Electric Charg  Tloc/Air       52%        N/A       21%         3
d - Manifold Assault      Tloc           50%        N/A       10%         4

Your spell library contained the following spells:

 Spells                   Type           Power      Damage    Failure   Level
 Teleport Other           Tloc           50%        N/A       3%          3
 Dazzling Flash           Conj/Hex       4%         N/A       78%         3
 Summon Lightning Spire   Summ/Air       2%         N/A       99%         4
 Agony                    Necr           2%         N/A       100%        5
 Silence                  Hex/Air        1%         N/A       100%        5
 Storm Form               Tmut/Air       1%         N/A       100%        7
 Maxwell's Capacitive Co  Air            1%         ∞         100%        8


Dungeon Overview and Level Annotations

Branches:
Dungeon (10/15)            Temple (1/1) D:4            Lair (0/5) D:8
    Orc: D:9-12

Altars:
Ashenzari
Cheibriados
Dithmenos
Elyvilon
Fedhas
Gozag
Hepliaklqana
Makhleb
Nemelex Xobeh
Okawaru
Qazlal
Ru
Trog
Uskayaw
Wu Jian
Xom
Yredelemnul
Zin
The Shining One

Shops:
D:2 *

Annotations:
D:6 3 runed translucent doors, Hildebrand's ghost, novice MiBe
D:10 Erolcha


Innate Abilities, Weirdness & Mutations

((You are very nimble when in or above water. (Stealth+, EV+, Speed+++)))
Your lower body shifts to a powerful aquatic tail in water.
[You are very clumsy. (Dex -4)]
[You are extremely frail. (-30% HP)]
[((You are often teleported next to monsters.))]
[You sometimes lose the ability to drink potions when taking damage.]


Message History

The soul eater is severely wounded.
The soul eater hits you!
* * * LOW HITPOINT WARNING * * *
You feel drained.
* * * LOW HITPOINT WARNING * * *
You closely miss the soul eater.
The soul eater is severely wounded.
The soul eater completely misses you.
You barely miss the soul eater.
The soul eater is severely wounded.
You barely miss the soul eater.
The soul eater is severely wounded.
The soul eater hits you but does no damage.
A small abomination comes into view.
Okay, then.
Casting: Lesser Beckoning (safe; 1% risk of failure)
Confirm with . or Enter, or press ? or * to list all spells.
You blink.
Blink to where?
Press: ? - help, Dir - move target
As you read the scroll of blinking, it crumbles to dust.
There's nothing to close nearby.
Okay, then.
Blink to where?
Press: ? - help, Dir - move target
As you read the scroll of blinking, it crumbles to dust.
As you read the scroll of teleportation, it crumbles to dust.
You feel strangely unstable.
You feel the power of the Abyss delaying your translocation!
You cannot drink potions in your current state!
As you read the scroll of fear, it crumbles to dust.
You assume a fearsome visage.
The large abomination is unaffected.
The soul eater resists with almost no effort.
The small abomination is unaffected.
You barely miss the large abomination.
You hit the large abomination but do no damage.
You punch the large abomination.
The large abomination is lightly damaged.
The large abomination hits you!
You die...

. . # .#. ..##
####.. #....#
#..#### # #@....#
.# #####X#...##
####.
...#...x.....# #.
#.#...3.##...#...#
...#..###.##.#....#
#....## #. ..####.
##....# .....
###### #..# .#


You could see a soul eater, a large abomination and a small abomination.

Vanquished Creatures
  A boulder beetle (D:8)
  2 two-headed ogres
  A wretched star (Abyss:2)
  5 unseen horror zombies (D:9)
  A kobold demonologist (D:10)
  A rime drake (D:8)
  2 trolls
  A vampire (D:7)
  9 yaks
  4 wyverns
  2 humans (D:9)
  A steam dragon (D:8)
  2 acid dragons (D:10)
  An orc warrior (D:9)
  A black bear (D:8)
  7 ice beasts
  A sky beast (D:7)
  3 ogres
  4 wolves (D:8)
  3 centaurs
  A phantom (D:5)
  3 kobold brigands
  A bullfrog (D:8)
  3 scorpions
  28 wights
  7 electric eels (D:10)
  3 howler monkeys
  5 hounds
  A jelly (D:4)
  2 centaur zombies (D:9)
  5 orc priests
  Jessica (D:2)
  3 sleepcaps
  6 orc wizards
  A killer bee zombie (D:9)
  A howler monkey zombie (D:9)
  7 gnolls
  7 adders
  3 river rats (D:5)
  A white imp (D:5)
  An ufetubus (D:4)
  4 worms
  2 dart slugs
  36 orcs
  3 bats (D:1)
  8 endoplasms
  5 goblins
  9 hobgoblins
  8 jackals (D:3)
  3 quokkas
  8 ball pythons
  4 frilled lizards
  29 kobolds
  4 rats (D:1)
265 creatures vanquished.

Notes
Turn   | Place    | Note
-------+----------+-------------------------------------------
     0 | D:1      | JanusIIV the Merfolk Warper began the quest for the Orb.
     0 | D:1      | Reached XP level 1. HP: 16/16 MP: 3/3
   120 | D:1      | Reached skill level 3 in Polearms
   152 | D:1      | Reached XP level 2. HP: 18/23 MP: 5/5
   981 | D:2      | Reached skill level 4 in Polearms
   981 | D:2      | Reached XP level 3. HP: 27/29 MP: 6/6
   983 | D:2      | Noticed Jessica
  1001 | D:2      | Killed Jessica
  1002 | D:2      | Reached XP level 4. HP: 30/35 MP: 7/7
  1035 | D:2      | Found Adghibyi's General Store.
  1208 | D:2      | Found a faded altar of an unknown god.
  1296 | D:2      | Reached skill level 5 in Polearms
  1836 | D:3      | Reached XP level 5. HP: 31/42 MP: 8/8
  1955 | D:3      | Reached skill level 6 in Polearms
  2181 | D:3      | Reached XP level 6. HP: 40/48 MP: 9/9
  2358 | D:3      | Reached skill level 7 in Polearms
  2762 | D:4      | Learned a level 2 spell: Blink
  2815 | D:4      | Noticed an ice beast
  2844 | D:4      | Killed an ice beast
  2845 | D:4      | Reached skill level 8 in Polearms
  2845 | D:4      | Reached XP level 7. HP: 28/55 MP: 10/10
  3132 | D:4      | Found a staircase to the Ecumenical Temple.
  3161 | D:4      | Reached skill level 9 in Polearms
  3181 | D:4      | Reached skill level 5 in Fighting
  3209 | Temple   | Entered the Ecumenical Temple
  3214 | Temple   | Became a worshipper of Cheibriados the Contemplative
  3975 | D:5      | Entered Level 5 of the Dungeon
  4170 | D:5      | Reached skill level 1 in Armour
  4181 | D:5      | Reached * piety under Cheibriados
  4198 | D:5      | Reached XP level 8. HP: 50/64 MP: 11/11
  5128 | D:6      | Found a runed translucent gate.
  5129 | D:6      | Found a runed translucent gate.
  5130 | D:6      | Noticed a kobold demonologist
  5130 | D:6      | Found a runed translucent gate.
  5130 | D:6      | Noticed Hildebrand's ghost (novice MiBe)
  5170 | D:6      | Identified the +7 chain mail "Morausen" {rCorr Str+2}
  5209 | D:6      | Reached ** piety under Cheibriados
  5268 | D:6      | Reached skill level 5 in Dodging
  5503 | D:7      | Found an ornate altar of the Wu Jian Council.
  5547 | D:7      | Noticed a wyvern
  5559 | D:7      | Killed a wyvern
  5666 | D:7      | Found a sparkling altar of Nemelex Xobeh.
  5705 | D:7      | Reached XP level 9. HP: 69/69 MP: 12/12
  5985 | D:7      | Reached skill level 10 in Polearms
  6024 | D:7      | Reached skill level 11 in Polearms
  6315 | D:8      | Learned a level 2 spell: Lesser Beckoning
  6319 | D:8      | Learned a level 3 spell: Vhi's Electric Charge
  6324 | D:8      | Learned a level 4 spell: Manifold Assault
  6433 | D:8      | Reached skill level 12 in Polearms
  6433 | D:8      | Reached skill level 1 in Shields
  6487 | D:8      | Noticed a boulder beetle
  6505 | D:8      | Killed a boulder beetle
  6506 | D:8      | Reached XP level 10. HP: 36/76 MP: 13/13
  6651 | D:8      | Reached *** piety under Cheibriados
  6712 | D:8      | Reached skill level 5 in Translocations
  6969 | D:8      | Found a staircase to the Lair.
  7448 | D:8      | Found a faded altar of an unknown god.
  7448 | D:8      | Found a bloodstained altar of Trog.
  7456 | D:8      | Found a blossoming altar of Fedhas.
  7458 | D:8      | Found a faded altar of an unknown god.
  7460 | D:8      | Found a broken altar of Ashenzari.
  7567 | D:9      | Found a basalt altar of Yredelemnul.
  7633 | D:9      | Reached XP level 11. HP: 81/81 MP: 14/14
  7645 | D:9      | Reached **** piety under Cheibriados
  7748 | D:9      | Reached skill level 13 in Polearms
  7751 | D:9      | Noticed a two-headed ogre
  7761 | D:9      | Killed a two-headed ogre
  7971 | D:9      | Found an iron altar of Okawaru.
  8078 | D:9      | Reached ***** piety under Cheibriados
  8369 | D:9      | Found a hide-covered altar of Uskayaw.
  8379 | D:9      | Reached skill level 14 in Polearms
  8741 | D:10     | Entered Level 10 of the Dungeon
  8741 | D:10     | Noticed a two-headed ogre
  8747 | D:10     | Killed a two-headed ogre
  9397 | D:10     | Noticed Erolcha
  9408 | Abyss:2  | Found a corrupted altar of Lugonu.
  9408 | Abyss:2  | Cast into level 2 of the Abyss (Erolcha)
  9422 | Abyss:2  | Found a corrupted altar of Lugonu.
  9442 | Abyss:2  | Found a corrupted altar of Lugonu.
  9480 | Abyss:2  | Noticed a wretched star
  9499 | Abyss:2  | Killed a wretched star
  9514 | Abyss:2  | Noticed a soul eater
  9551 | Abyss:2  | Slain by a large abomination

Illustrated notes

Levels and vault maps discovered:
D:1:      heliophobic_arrival_glass_houses, layout_basic
D:2:      layout_loops_ring, hellmonk_ecumenical_altar_crossroads, serial_shops,
          shop, uniq_jessica
D:3:      layout_basic
D:4:      kennysheep_kobold_camp, layout_loops_ring, temple_pool_b
D:5:      wad_woods_settlement, layout_basic, chequers_serial_rivers_large_b
D:6:      layout_basic, gammafunk_ghost_nasty_kobolds
D:7:      layout_basic, overflow_temple_1_default, kennysheep_mini_moat
D:8:      layout_basic, chequers_temple_overflow_minitemple,
          hellmonk_lair_entry_icy, hangedman_decor_push,
          chequers_serial_rivers_large_a
D:9:      layout_rooms, nicolae_uskayaw_dance_studio, okawaru_humans,
          nicolae_yredelemnul_corpse_copse
D:10:     layout_basic, grunt_temple_overflow_magic_moments, minmay_ruffians,
          uniq_erolcha
Temple:   nicolae_temple_ecumenical_triangle
Abyss:2:  base:
D:3

Skill      XL: |  1  2  3  4  5  6  7  8  9 10 11 |
---------------+----------------------------------+-----
Polearms       | 3 4 5 6 8 9 12 14 | 14.0
Fighting       | 3 4 6 8 |  8.0
Armour         | 1 4 |  4.0
Dodging        | 3 7 8 |  8.0
Shields        | 3 4 |  4.0
Translocations | 3 8 9 |  9.3
Throwing       | |  1.0
Spellcasting   | |  2.0

Action                     |  1- 3 |  4- 6 |  7- 9 | 10-12 || total
---------------------------+-------+-------+-------+-------++-------
  Melee: Spear             |    86 |    79 |       |       ||   165
         Trident           |       |   109 |   379 |   528 ||  1016
         Punch             |       |       |     7 |    13 ||    20
   Cast: Lesser Beckoning  |       |       |       |     3 ||     3
         Blink             |       |       |       |     1 ||     1
  Evoke: Wand              |       |       |     5 |     7 ||    12
    Use: Scroll            |       |     5 |     5 |     6 ||    16
         Potion            |       |     1 |       |     2 ||     3
   Stab: Distracted        |     1 |       |       |       ||     1
 Armour: Leather armour    |    11 |     9 |       |       ||    20
         Ring mail         |       |    32 |    44 |       ||    76
         Chain mail        |       |       |    21 |   124 ||   145
  Dodge: Dodged            |    36 |   127 |   211 |   336 ||   710
